 Dungeon Crawl Stone Soup version 0.18.1-6-gd335043 (webtiles) character file.

183 Leszczynek the Sneak (level 5, 22/22 HPs)
             Began as a Felid Warper on May 18, 2016.
             Was an Initiate of Nemelex Xobeh.
             Quit the game on level 4 of the Dungeon.
             The game lasted 00:21:54 (7396 turns).

Leszczynek the Sneak (Felid Warper)                 Turns: 7396, Time: 00:21:54

Health: 22/22      AC:  2    Str:  7    XL:     5   Next: 35%
Magic:  9/9        EV: 20    Int: 14    God:    Nemelex Xobeh [......]
Gold:   146        SH:  0    Dex: 18    Spells: 3 memorised, 3 levels left
                                        Lives:  0   Deaths: 1

rFire  . . .     SeeInvis +       - Unarmed
rCold  . . .     Gourm    .     (armour unavailable)
rNeg   . . .     Faith    .     (shield unavailable)
rPois  .         Spirit   .     (helmet unavailable)
rElec  .         Dismiss  .     (cloak unavailable)
rCorr  +         Reflect  .     (gloves unavailable)
SustAt .         Harm     .     (boots unavailable)
MR     .....                    (no amulet)
Stlth  ++++......               (no ring)
                                j - ring of resist corrosion

@: quick, not resistant to hostile enchantments, stealthy
A: no armour, no weapons or thrown items, claws 1, fangs 3, see invisible,
carnivore 3, speed 1, shaggy fur 2, slow metabolism 1, sharp paws
a: Renounce Religion


You were on level 4 of the Dungeon.
You worshipped Nemelex Xobeh.
Nemelex Xobeh was noncommittal.
You were not hungry.

You visited 2 branches of the dungeon, and saw 6 of its levels.

You collected 146 gold pieces.

Inventory:

Jewellery
 j - a ring of resist corrosion (left paw)
Wands
 g - a wand of slowing (20/48)
Scrolls
 b - a scroll of blinking
 h - 3 scrolls of immolation
 k - 2 scrolls of fear
 m - 2 scrolls of remove curse
 n - 2 scrolls of identify
 o - a scroll of random uselessness {unknown}
Potions
 e - a potion of heal wounds
 f - a potion of cure mutation {unknown}
 i - a potion of flight {unknown}
 l - a potion of resistance {unknown}
 q - a potion of might {unknown}
 r - a potion of invisibility
Books
 a - a book of Spatial Translocations

   Spells                             Type                      Level
   a - Apportation                    Translocation                1
   b - Blink                          Translocation                2
   c - Shroud of Golubria             Charms/Translocation         2
   d - Portal Projectile              Translocation                3
   e - Teleport Other                 Translocation                3
   f - Passage of Golubria            Translocation                4
Miscellaneous
 d - a plain deck of destruction {drawn: 4}
 s - a plain deck of war {drawn: 2}
Comestibles
 c - 3 meat rations
 p - 4 chunks of flesh


   Skills:
 - Level 2.0 Fighting
 * Level 4.7 Dodging
 - Level 6.0 Stealth
 - Level 3.0 Unarmed Combat
 - Level 2.0 Spellcasting
 - Level 2.0 Charms
 - Level 4.4 Translocations
 - Level 2.5 Evocations


You had 3 spell levels left.
You knew the following spells:

 Your Spells              Type           Power        Failure   Level  Hunger
a - Apportation           Tloc           ##........   4%          1    ##.....
b - Blink                 Tloc           N/A          10%         2    ###....
c - Shroud of Golubria    Chrm/Tloc      ##........   12%         2    ###....


Dungeon Overview and Level Annotations

Branches:
Dungeon (5/15)             Temple (1/1) D:4

Altars:
Cheibriados
Dithmenos
Elyvilon
Fedhas
Kikubaaqudgha
Makhleb
Nemelex Xobeh
Okawaru
Pakellas
Sif Muna
Vehumet
Yredelemnul
Zin

Annotations:
D:2 Robin
D:3 Terence; Thrillho's ghost, amateur KoBe
D:4 ogre, Eustachio
D:5 Yermak's ghost, novice DEWz


Innate Abilities, Weirdness & Mutations

You cannot wear armour.
You are incapable of wielding weapons or throwing items.
You have sharp claws.
You have razor-sharp teeth.
You have supernaturally acute eyesight.
You are carnivorous and can eat meat at any time.
You cover ground quickly.
You are covered in thick fur (AC +2).
You have a slow metabolism.
Your sharp claws are effective at attacking unaware monsters.


Message History

You draw a card...
It is Vitriol.
You have drawn Vitriol.
Press: ? - help, Shift-Dir - straight line, f - orc priest
Aim: an orc priest, wielding a hand axe and wearing a leather armour (heavily wounded)
The acid hits the orc priest.
The orc priest is almost dead.
The orc priest calls down the wrath of Beogh upon you.
Beogh smites you!
Ouch! That really hurt!
You die...
You are now level 5!
You rejoin the land of the living...
Enter note:
Enter note: no, fuck felids
Enter note: it's not fun at all
Enter note: i don't care how much this combo is worth
Enter note: i won't play this game as if it was my job
Enter note: run from everything, hide from everything, scrape the bottom of the barrel for any, even the tiniest means of killing any fucking thing
Enter note: no thanks Are you sure you want to abandon this character and quit the game? (Confirm with "yes".)

.#.#.#.# #.#.####.#####.#.#
.#.#.#.#########...#.............
...#..............)#.###.####.#.#
#..###.###########.#.# #.#.......
#..#......<......#.#.# #.#.##.#.#
##.#.#.#########.#.#.# #.#.##.#..
##..........####'#'#.###.#.##....
##..........#..............######
............#...@............%...
............#..............######
##..........########.#####.#
##.#.#.###### #.# #.# ##.#.(.#
#.#####.###### ##.#...#
#.............
##.#...###################.######
##.#.#>............# #.######
...#.#############.# #......#


There were no monsters in sight!

Vanquished Creatures
  A hound (D:5)
  A giant frog skeleton (D:4)
  An orc priest (D:3)
  A worker ant (D:4)
  6 adders
  2 oozes
  2 worms
  3 dart slugs
  4 giant geckos
  11 orcs
  2 ball pythons
  7 giant cockroaches
  14 goblins
  9 hobgoblins
  3 jackals (D:2)
  8 kobolds
  3 quokkas
  10 bats
  7 giant newts
  10 rats
105 creatures vanquished.

Vanquished Creatures (collateral kills)
  An ogre (D:4)
1 creature vanquished.

Grand Total: 106 creatures vanquished

Notes
Turn   | Place    | Note
--------------------------------------------------------------
     0 | D:1      | Leszczynek the Felid Warper began the quest for the Orb.
     0 | D:1      | Reached XP level 1. HP: 9/9 MP: 4/4
    26 | D:1      | well shit
    40 | D:1      | Reached skill level 1 in Stealth
   697 | D:1      | Reached skill level 2 in Stealth
   715 | D:1      | Reached XP level 2. HP: 13/13 MP: 6/6
   719 | D:1      | Learned a level 2 spell: Blink
   944 | D:1      | Reached skill level 3 in Stealth
  1358 | D:1      | Reached skill level 4 in Stealth
  1358 | D:1      | Reached XP level 3. HP: 16/16 MP: 7/7
  1602 | D:2      | Learned a level 2 spell: Shroud of Golubria
  1691 | D:2      | Noticed Robin
  1825 | D:2      | Found a glowing silver altar of Zin.
  1863 | D:2      | Reached skill level 5 in Stealth
  2607 | D:2      | Reached XP level 4. HP: 18/19 MP: 8/8
  3187 | D:2      | Reached skill level 6 in Stealth
  3793 | D:3      | Noticed Terence
  4012 | D:3      | Reached skill level 1 in Charms
  4170 | D:3      | Reached XP level 5. HP: 22/22 MP: 9/9
  5002 | D:3      | Noticed Thrillho's ghost (amateur KoBe)
  5045 | D:3      | Reached skill level 2 in Charms
  5500 | D:4      | Reached skill level 3 in Unarmed Combat
  5601 | D:4      | Found a staircase to the Ecumenical Temple.
  5647 | Temple   | Entered the Ecumenical Temple
  5684 | Temple   | Became a worshipper of Nemelex Xobeh the Trickster
  6056 | D:4      | Received a gift from Nemelex Xobeh
  6096 | D:4      | Noticed Blork the orc
  6257 | D:4      | Reached skill level 1 in Evocations
  6377 | D:4      | Received a gift from Nemelex Xobeh
  6424 | D:4      | Noticed an ogre
  6442 | D:4      | Noticed Eustachio
  6625 | D:5      | Entered Level 5 of the Dungeon
  6656 | D:5      | Reached skill level 2 in Evocations
  6702 | D:5      | Noticed Yermak's ghost (novice DEWz)
  6771 | D:5      | Noticed a phantom
  6868 | D:5      | Gained mutation: You are covered in thick fur (AC +2). [Felid growth]
  6868 | D:5      | Reached XP level 6. HP: 11/26 MP: 4/10
  7121 | D:4      | Reached skill level 4 in Dodging
  7176 | D:4      | Noticed Blork
  7176 | D:4      | Blork the orc changed into Blork the worker ant
  7213 | D:4      | Killed Blork the worker ant
  7395 | D:4      | Killed from afar by an orc priest
  7396 | D:4      | Reached XP level 5. HP: -8/22 MP: 9/9
  7396 | D:4      | no, fuck felids
  7396 | D:4      | it's not fun at all
  7396 | D:4      | i don't care how much this combo is worth
  7396 | D:4      | i won't play this game as if it was my job
  7396 | D:4      | run from everything, hide from everything, scrape the bottom of the barrel for any, even the tiniest means of killing any fucking thing
  7396 | D:4      | no thanks
  7396 | D:4      | Quit the game

Skill      XL: |  1  2  3  4  5  6 |
---------------+-------------------+-----
Stealth        | 2 4 5 6 |  6.0
Charms         | 1 2 |  2.0
Unarmed Combat | 3 |  3.0
Evocations     | 2 |  2.5
Dodging        | 4 |  4.7
Fighting       | |  2.0
Spellcasting   | |  2.0
Translocations | |  4.4

Action                   |  1- 3 |  4- 6 || total
-------------------------+-------+-------++-------
Melee: Unarmed           |   132 |   252 ||   384
       Bite              |    11 |    27 ||    38
       Punch             |       |     3 ||     3
 Cast: Shroud of Golubri |       |    21 ||    21
       Blink             |       |     6 ||     6
Evoke: Deck              |       |     6 ||     6
       Wand              |       |     5 ||     5
  Use: Scroll            |       |     9 ||     9
       Potion            |       |     2 ||     2
 Stab: Sleeping          |    12 |     9 ||    21
  Eat: Chunk             |    10 |    12 ||    22
Armor: Skin              |     2 |     9 ||    11
Dodge: Dodged            |    88 |   208 ||   296
